 Dungeon Crawl Stone Soup version 0.21.0-3-g78d12a8 (webtiles) character file.

68421 Mefis the Thaumaturge (level 14, -1/68 HPs)
             Began as a Deep Elf Wizard on Jan 8, 2018.
             Was a High Priest of Sif Muna.
             Killed by divine providence
             ... invoked by a sphinx
              (10 damage)
             ... while paralysed by a sphinx
             ... on level 13 of the Dungeon on Jan 9, 2018.
             The game lasted 02:07:17 (40870 turns).

Mefis the Thaumaturge (Deep Elf Wizard)            Turns: 40870, Time: 02:07:19

Health: -1/68      AC:  6    Str:  4    XL:     14   Next: 86%
Magic:  8/32       EV:  2    Int: 29    God:    Sif Muna [*****.]
Gold:   1436       SH:  0    Dex: 13    Spells: 1/37 levels left

rFire    x . .     SeeInvis .   y - staff of wizardry
rCold    + . .     Gourm    .   (no shield)
rNeg     . . .     Faith    .   j - +0 robe
rPois    +         Spirit   .   b - +0 hat
rElec    .         Reflect  +   W - scarf {repulsion}
rCorr    .         Harm     .   F - +3 pair of gauntlets of War {Slay+5}
MR       +....                  (no boots)
Stlth    ++........             l - +2 amulet of reflection
HPRegen  0.21/turn              s - ring of poison resistance
MPRegen  0.23/turn              e - ring of ice

@: confused, paralysed, swift, very slightly contaminated, invisible, divine
energy, repel missiles, quick
A: no striking features
a: Stop Divine Energy, Channel Magic, Forget Spell, Renounce Religion


You were on level 13 of the Dungeon.
You worshipped Sif Muna.
Sif Muna was extremely pleased with you.
You were hungry.

You visited 3 branches of the dungeon, and saw 20 of its levels.

You collected 1436 gold pieces.

Inventory:

Hand Weapons
 g - the +4 hand axe "Raczoss" {chop, rElec MR++ Dex+3 SInv}
   (You found it on level 6 of the Dungeon)

   It inflicts extra damage upon your enemies.
   It affects your dexterity (+3).
   It insulates you from electricity.
   It affects your resistance to hostile enchantments.
   It lets you see invisible.
 q - the +3 long sword "Goblinslayer" {slice, rElec Dex+6 Stlth-}
   (You found it on level 6 of the Lair of Beasts)

   It inflicts extra damage upon your enemies.
   It affects your dexterity (+6).
   It insulates you from electricity.
   It makes you less stealthy.
 V - a +0 blowgun
Missiles
 r - 26 poisoned needles
 v - 2 tomahawks of dispersal (quivered)
 C - 3 throwing nets
 T - 6 needles of frenzy
Armour
 b - a +0 hat (worn)
 j - a +0 robe (worn)
 F - the +3 pair of gauntlets of War (worn) {Slay+5}
   (You found it on level 13 of the Dungeon)

   It affects your accuracy and damage with ranged weapons and melee attacks
   (+5).
 H - the +0 pair of fencer's gloves {+Riposte Dex+3}
   (You acquired it on level 9 of the Dungeon)

   It affects your dexterity (+3).
 W - a scarf of repulsion (worn)
Magical Staves
 y - an uncursed staff of wizardry (weapon)
Jewellery
 e - a ring of ice (right hand)
 l - a +2 amulet of reflection (around neck)
 s - a ring of poison resistance (left hand)
 B - an uncursed ring of protection from magic
Wands
 n - a wand of acid (10)
 p - a wand of iceblast (19)
 A - a wand of disintegration (22)
 K - a wand of polymorph (7)
 R - a wand of flame (13)
Scrolls
 c - 2 scrolls of vulnerability {unknown}
 f - 7 scrolls of remove curse
 h - a scroll of brand weapon
 m - 2 scrolls of identify
 o - a scroll of silence {unknown}
 w - 3 scrolls of fog
 E - 2 scrolls of enchant armour
 G - 4 scrolls of magic mapping
 Y - 6 scrolls of teleportation
Potions
 a - 4 potions of magic
 i - 2 potions of brilliance
 k - a potion of agility {unknown}
 t - 2 potions of might {unknown}
 u - 8 potions of curing
 x - 5 potions of flight
 z - 2 potions of heal wounds {unknown}
Books
 I - Kyjupp's Grimoire of Gliding Conjuration
   (Sif Muna gifted it to you on level 6 of the Lair of Beasts)

   Spells                             Type                      Level
   a - Sting                          Conjuration/Poison           1
   b - Swiftness                      Charms/Air                   2
   c - Stone Arrow                    Conjuration/Earth            3
   d - Fulminant Prism                Conjuration/Hexes            4
   e - Summon Lightning Spire         Summoning/Air                4
   f - Poison Arrow                   Conjuration/Poison           6
   g - Lehudib's Crystal Spear        Conjuration/Earth            8
   h - Glaciate                       Conjuration/Ice              9
Miscellaneous
 D - a lamp of fire
Comestibles
 d - 39 rations


   Skills:
 + Level 10.8 Dodging
 - Level 9.1 Stealth
 + Level 12.3 Spellcasting
 + Level 10.0 Conjurations
 - Level 8.4 Hexes
   Level 4.7 Summonings
 - Level 3.5 Necromancy
 - Level 4.7 Translocations
   Level 8.0 Transmutations
 + Level 8.6 Ice Magic
 * Level 7.0 Air Magic
 + Level 8.6 Earth Magic
 - Level 3.4 Poison Magic
 + Level 8.3 Invocations
 + Level 8.6 Evocations


You had one spell level left.
You knew the following spells:

 Your Spells              Type           Power        Failure   Level  Hunger
a - Magic Dart            Conj           ####         1%          1    None
c - Blink                 Tloc           N/A          1%          2    None
e - Mephitic Cloud        Conj/Pois/Air  ######..     1%          3    None
h - Slow                  Hex            ######..     1%          2    None
i - Swiftness             Chrm/Air       #####...     1%          2    None
o - Regeneration          Chrm/Necr      ####......   1%          3    None
p - Iskenderun's Battles  Conj/Chrm      #####...     4%          5    ##.....
s - Iron Shot             Conj/Erth      ######....   4%          6    ####...
u - Invisibility          Hex            ######..     6%          6    ####...
w - Freezing Cloud        Conj/Ice/Air   #######...   5%          6    ####...


Dungeon Overview and Level Annotations

Branches:
Dungeon (13/15)            Temple (1/1) D:6            Lair (6/6) D:9
 Shoals (0/4) Lair:4       Spider (0/4) Lair:4        Slime (0/5) Lair:5
    Orc (0/2) D:12         Vaults (0/5) D:13

Altars:
Ashenzari
Cheibriados
Dithmenos
Elyvilon
Fedhas
Gozag
Hepliaklqana
Kikubaaqudgha
Makhleb
Nemelex Xobeh
Okawaru
Qazlal
Ru
Sif Muna
Trog
Uskayaw
Vehumet
Wu Jian
Xom
Yredelemnul
Zin
The Shining One
Beogh
Jiyva

Portals:
Trove: D:11 (give 12 scrolls of teleportation)

Annotations:
D:8 exclusion: door


Message History

Casting: Iron Shot
Confirm with . or Enter, or press ? or * to list all spells.
Aiming: Iron Shot
Press: ? - help, Shift-Dir - straight line, f/p - sphinx
Aim: a sphinx (moderately wounded)
The iron shot hits the sphinx.
The sphinx is almost dead.
The sphinx mumbles some strange words.
You suddenly lose the ability to move!
The sphinx mumbles some strange words.
You are confused.
The sphinx mumbles some strange words.
You resist with significant effort. The sphinx hits you.
* * * LOW HITPOINT WARNING * * *
The sphinx hits you but does no damage. The sphinx hits you.
* * * LOW HITPOINT WARNING * * *
The sphinx casts a spell.
Something smites you!
You die...

############.#.# #.#
#..............#####..
#.##########.#........ #.#
#.####.##.. ####.# #.#
#.###. #....# #.# #.# #.
#.#### ##.####.###.
#.############.#.........
#.##..pH@[...........###.
###.##.###########.##.##...
#......# #.##.##.##
#.#.#.H# #.##.##.##
#......# #.##.##.# #>#)#.##
#.##.##.## #......##
#.#....... #.#.##..#
#......... #######ยง#
#.#.....##


You could see a sphinx and a death knight (wandering).

Vanquished Creatures
  Gastronok (D:12)
  A vampire knight (D:13)
  The ghost of kae the Carver, a journeyman MiFi of Okawaru (Lair:1)
  8 vault guards
  5 hydras
  A catoblepas (Lair:6)
  An ice dragon (Lair:6)
  A death yak (Lair:5)
  3 two-headed ogres
  The ghost of Aviak the Fighter, a journeyman VSAM of Gozag (D:11)
  3 skeletal warriors (D:13)
  2 unseen horrors
  A lindwurm (Lair:6)
  The ghost of Plasmagod the Slasher, a novice NaWr of Cheibriados (D:5)
  5 ugly things
  A cyclops (D:13)
  6 elephants
  Maurice (D:12)
  2 centaur zombies
  2 black mambas
  6 torpor snails (Lair:6)
  11 spiny frogs
  A centaur skeleton (D:11)
  2 gargoyles (D:13)
  8 komodo dragons
  A meliai (shapeshifter) (D:13)
  3 tyrant leeches (Lair:6)
  A queen bee (D:8)
  2 trolls
  6 hornets (Lair:6)
  11 polar bears
  13 hippogriffs
  25 blink frogs
  5 raiju (Lair:6)
  7 dream sheep
  A vampire (D:11)
  A tarantella (Lair:4)
  Sigmund (D:5)
  12 yaks
  5 wyverns
  A wraith (D:13)
  A basilisk (Lair:6)
  Eustachio (D:3)
  A soldier ant (D:13)
  4 wargs (Lair:6)
  2 vampire mosquitoes (D:13)
  12 hell hounds (Lair:6)
  16 water moccasins
  A swamp drake (D:9)
  A floating eye (shapeshifter) (D:13)
  13 porcupines
  7 orc warriors
  An eye of draining (D:11)
  An ice beast (D:10)
  4 sky beasts
  5 phantoms
  13 black bears
  13 centaurs
  4 ogres
  19 wolves
  2 big kobolds
  17 bullfrogs
  10 crocodiles
  2 gnoll sergeants (D:8)
  2 scorpions
  2 wyvern skeletons
  34 killer bees
  21 wights
  5 howler monkeys
  7 crimson imps
  5 jellies
  A bullfrog zombie (D:5)
  A quasit (D:10)
  Crazy Yiuf (D:4)
  2 hounds
  4 bullfrog skeletons
  7 orc priests
  15 orc wizards
  3 iguanas
  Jessica (D:7)
  7 worker ants
  A killer bee zombie (D:5)
  A worker ant zombie (D:7)
  15 gnolls
  11 adders
  2 shadow imps
  2 oozes
  2 adder zombies (D:5)
  3 adder skeletons
  A worm (D:2)
  2 dart slugs (D:1)
  5 leopard geckos
  50 orcs
  10 bats
  5 giant cockroaches
  11 goblins
  3 hobgoblins
  5 jackals
  21 kobolds
  8 quokkas
  5 ball pythons
  5 frilled lizards
  A leopard gecko skeleton (D:4)
  A quokka skeleton (D:4)
  9 rats
  A fungus (Lair:3)
  7 plants
625 creatures vanquished.

Vanquished Creatures (collateral kills)
  A lindwurm (Lair:6)
  Ijyb (D:3)
  2 gnolls (D:2)
  2 worms (D:2)
  2 dart slugs (D:1)
  An orc (D:3)
  A hobgoblin (D:1)
  3 jackals (D:1)
  A leopard gecko skeleton (D:5)
14 creatures vanquished.

Vanquished Creatures (others)
  A bush (Lair:6)
  15 fungi
  21 plants
37 creatures vanquished.

Grand Total: 676 creatures vanquished

Notes
Turn   | Place    | Note
-------+----------+-------------------------------------------
     0 | D:1      | Mefis the Deep Elf Wizard began the quest for the Orb.
     0 | D:1      | Reached XP level 1. HP: 10/10 MP: 7/7
   278 | D:1      | Reached XP level 2. HP: 15/15 MP: 6/9
   282 | D:1      | Learned a level 2 spell: Call Imp
   285 | D:1      | Learned a level 2 spell: Blink
   706 | D:1      | Reached XP level 3. HP: 17/19 MP: 0/11
   711 | D:1      | Learned a level 3 spell: Mephitic Cloud
   715 | D:1      | Learned a level 3 spell: Conjure Flame
  1738 | D:2      | Reached XP level 4. HP: 24/24 MP: 3/12
  1812 | D:2      | Reached skill level 5 in Spellcasting
  1953 | D:2      | Found a glowing golden altar of the Shining One.
  2316 | D:2      | Found a sparkling altar of Nemelex Xobeh.
  2384 | D:2      | Reached XP level 5. HP: 21/28 MP: 5/14
  2451 | D:2      | Learned a level 2 spell: Slow
  2598 | D:2      | Reached skill level 1 in Poison Magic
  3042 | D:2      | Found a glowing silver altar of Zin.
  3090 | D:3      | Noticed Ijyb
  3199 | D:3      | Killed Ijyb
  3199 | D:3      | Reached skill level 1 in Hexes
  3199 | D:3      | Reached skill level 1 in Air Magic
  3958 | D:3      | Noticed a phantom
  4093 | D:3      | Killed a phantom
  4093 | D:3      | Reached XP level 6. HP: 30/32 MP: 16/16
  4170 | D:4      | Noticed Eustachio
  4888 | D:3      | Killed Eustachio
  5025 | D:4      | Reached XP level 7. HP: 36/36 MP: 14/17
  5115 | D:4      | Found a runed door.
  5901 | D:4      | Got a fine rapier
  5902 | D:4      | Identified the cursed +1 rapier of Grandeur {freeze, *Noise rN+ MR+ Dex+2} (You found it on level 4 of the Dungeon)
  5956 | D:4      | Noticed Crazy Yiuf
  5965 | D:4      | Killed Crazy Yiuf
  6071 | D:5      | Entered Level 5 of the Dungeon
  6573 | D:5      | Noticed Plasmagod's ghost (novice NaWr)
  6580 | D:5      | Noticed Sigmund
  6719 | D:5      | Killed Sigmund
  6719 | D:5      | Reached skill level 6 in Spellcasting
  6810 | D:5      | Reached XP level 8. HP: 41/41 MP: 10/19
  6981 | D:5      | Reached skill level 5 in Stealth
  7138 | D:5      | Killed Plasmagod's ghost
  7138 | D:5      | Reached skill level 5 in Dodging
  7845 | D:6      | Got a steaming quarterstaff
  7846 | D:6      | Identified the +4 quarterstaff of Undoing {flame, *Corrode rPois rN+ Stlth+} (You found it on level 6 of the Dungeon)
  8031 | D:6      | Got a polished hand axe
  8032 | D:6      | Identified the +4 hand axe "Raczoss" {chop, rElec MR++ Dex+3 SInv} (You found it on level 6 of the Dungeon)
  8329 | D:6      | Reached skill level 7 in Spellcasting
  8329 | D:6      | Reached XP level 9. HP: 45/45 MP: 15/21
  8340 | D:6      | Learned a level 3 spell: Dazzling Spray
  8344 | D:6      | Learned a level 3 spell: Tukima's Dance
  8347 | D:6      | Learned a level 2 spell: Ensorcelled Hibernation
  9203 | D:6      | Reached skill level 5 in Hexes
  9275 | D:6      | Found a staircase to the Ecumenical Temple.
  9431 | Temple   | Entered the Ecumenical Temple
  9746 | D:7      | Reached skill level 5 in Conjurations
 10128 | D:7      | Reached skill level 1 in Ice Magic
 10128 | D:7      | Reached skill level 1 in Evocations
 10297 | D:7      | Found a sparkling altar of Nemelex Xobeh.
 10297 | D:7      | Noticed Jessica
 10303 | D:7      | Killed Jessica
 10745 | D:7      | Found a stormy altar of Qazlal.
 12002 | D:8      | Found a deep blue altar of Sif Muna.
 12051 | D:8      | Reached XP level 10. HP: 50/50 MP: 11/23
 12086 | D:8      | Reached skill level 8 in Spellcasting
 12213 | D:8      | Became a worshipper of Sif Muna the Loreminder
 12704 | D:8      | Found a hide-covered altar of Uskayaw.
 13229 | D:8      | Found a white marble altar of Elyvilon.
 13326 | D:8      | Reached skill level 1 in Invocations
 13724 | D:8      | Reached * piety under Sif Muna
 14525 | D:8      | HP: 3/75 [poisoned by an orc warrior]
 14905 | D:9      | Reached skill level 5 in Air Magic
 15147 | D:9      | Learned a level 5 spell: Irradiate
 15383 | D:9      | Identified a scroll of acquirement
 15387 | D:9      | Found the +0 pair of fencer's gloves {+Riposte Dex+3}
 15931 | D:9      | Reached skill level 1 in Transmutations
 16449 | D:9      | Found a staircase to the Lair.
 16583 | D:9      | Found a blossoming altar of Fedhas.
 16584 | D:9      | Found an ancient bone altar of Kikubaaqudgha.
 16623 | D:10     | Entered Level 10 of the Dungeon
 17108 | D:10     | Noticed a two-headed ogre
 17119 | D:10     | Killed a two-headed ogre
 17119 | D:10     | Reached XP level 11. HP: 54/54 MP: 3/25
 17443 | D:10     | Learned a level 3 spell: Regeneration
 17845 | D:11     | Reached ** piety under Sif Muna
 17901 | D:11     | Noticed a cyan ugly thing
 18000 | Lair:1   | Entered Level 1 of the Lair of Beasts
 18005 | Lair:1   | Reached skill level 9 in Spellcasting
 18015 | Lair:1   | Reached skill level 1 in Necromancy
 18402 | Lair:1   | Noticed kae's ghost (journeyman MiFi)
 18418 | Lair:1   | Killed kae's ghost
 19872 | Lair:2   | Reached skill level 5 in Evocations
 20117 | Lair:2   | Reached *** piety under Sif Muna
 20119 | Lair:2   | Reached skill level 5 in Transmutations
 20636 | Lair:3   | Reached skill level 5 in Ice Magic
 20640 | Lair:3   | Noticed a six-headed hydra
 20773 | Lair:3   | Found a radiant altar of Vehumet.
 21098 | Lair:3   | Killed a six-headed hydra
 21098 | Lair:3   | Reached XP level 12. HP: 59/59 MP: 2/27
 22107 | Lair:3   | Learned a level 6 spell: Iron Shot
 22331 | Lair:4   | Found a hole to the Spider Nest.
 22511 | Lair:4   | Reached skill level 1 in Earth Magic
 22511 | Lair:4   | Reached skill level 5 in Invocations
 22676 | Lair:4   | Reached skill level 10 in Spellcasting
 22864 | Lair:4   | Found a staircase to the Shoals.
 23580 | Lair:5   | Reached **** piety under Sif Muna
 24346 | Lair:5   | Noticed a death yak
 24380 | Lair:5   | Killed a death yak
 24638 | Lair:5   | Noticed a catoblepas
 24764 | Lair:5   | Found a staircase to the Slime Pits.
 24765 | Lair:5   | Found a viscous altar of Jiyva.
 24765 | Lair:5   | Noticed a four-headed hydra
 24821 | Lair:5   | Killed a four-headed hydra
 25715 | Lair:6   | Entered Level 6 of the Lair of Beasts
 26267 | Lair:6   | Noticed a seven-headed hydra
 26646 | Lair:6   | Killed a catoblepas
 26646 | Lair:6   | Reached XP level 13. HP: 54/63 MP: 5/29
 26871 | Lair:6   | Reached ***** piety under Sif Muna
 27221 | Lair:6   | Reached skill level 5 in Earth Magic
 28436 | Lair:5   | Reached skill level 11 in Spellcasting
 29055 | Lair:6   | Identified Kyjupp's Grimoire of Gliding Conjuration (Sif Muna gifted it to you on level 6 of the Lair of Beasts)
 29055 | Lair:6   | Received a gift from Sif Muna
 29084 | Lair:6   | Learned a level 2 spell: Swiftness
 30012 | Lair:1   | Learned a level 5 spell: Iskenderun's Battlesphere
 31369 | Lair:6   | Reached skill level 10 in Dodging
 31489 | Lair:6   | Got a bloodstained long sword
 31490 | Lair:6   | Identified the +3 long sword "Goblinslayer" {slice, rElec Dex+6 Stlth-} (You found it on level 6 of the Lair of Beasts)
 32269 | Lair:6   | Found a runed door.
 33041 | Lair:6   | Reached XP level 14. HP: 55/68 MP: 9/31
 34097 | Lair:1   | Learned a level 6 spell: Freezing Cloud
 34105 | Lair:1   | Learned a level 6 spell: Invisibility
 34515 | D:11     | Got a fine trident
 34516 | D:11     | Identified the cursed +1 trident "Topleeq" {antimagic, Str+4} (You found it on level 11 of the Dungeon)
 34800 | D:11     | Found a portal to a secret trove of treasure.
 34824 | D:11     | Noticed Aviak's ghost (journeyman VSAM)
 34829 | D:11     | Killed Aviak's ghost
 36177 | D:12     | Noticed Gastronok
 36183 | D:12     | Killed Gastronok
 36511 | D:12     | Found a staircase to the Orcish Mines.
 36518 | D:12     | Found a roughly hewn altar of Beogh.
 36609 | D:12     | You fall through a shaft!
 36686 | D:12     | Noticed Maurice
 36779 | D:12     | Killed Maurice
 38263 | D:13     | Reached skill level 12 in Spellcasting
 38445 | D:13     | Found a gate to the Vaults.
 39882 | D:13     | Found the +3 pair of gauntlets of War {Slay+5}
 40701 | D:13     | Noticed a vampire knight
 40707 | D:13     | Killed a vampire knight
 40707 | D:13     | Reached skill level 10 in Conjurations
 40843 | D:13     | Noticed a sphinx
 40844 | D:13     | Paralysed by a sphinx for 4 turns
 40865 | D:13     | Paralysed by a sphinx for 6 turns
 40870 | D:13     | Killed from afar by a sphinx

Skill      XL: |  1  2  3  4  5  6  7  8  9 10 11 12 13 14 |
---------------+-------------------------------------------+-----
Stealth        | 3 4 5 7 8 9 |  9.1
Dodging        | 3 4 5 6 7 8 9 10 | 10.8
Spellcasting   | 5 6 7 8 9 10 11 12 | 12.3
Conjurations   | 2 3 4 5 6 7 8 9 10 | 10.0
Summonings     | 2 3 4 |  4.7
Translocations | 2 3 4 |  4.7
Poison Magic   | 1 2 3 |  3.4
Hexes          | 1 2 3 4 6 7 8 |  8.4
Air Magic      | 1 2 3 4 5 7 |  7.0
Ice Magic      | 2 3 5 6 7 8 |  8.6
Evocations     | 2 4 5 6 7 8 |  8.6
Invocations    | 2 4 6 7 8 |  8.3
Transmutations | 2 5 6 7 8 |  8.0
Necromancy     | 3 |  3.5
Earth Magic    | 4 7 8 |  8.6

Action                   |  1- 3 |  4- 6 |  7- 9 | 10-12 | 13-15 || total
-------------------------+-------+-------+-------+-------+-------++-------
Melee: Short sword       |    55 |    12 |       |       |       ||    67
       Spear             |       |    50 |   176 |    54 |       ||   280
       Rapier            |       |       |     1 |       |       ||     1
       Hand axe          |       |       |    65 |    71 |    24 ||   160
       Staff             |       |       |       |       |     8 ||     8
 Cast: Magic Dart        |    94 |   143 |   365 |   413 |   255 ||  1270
       Call Imp          |     2 |    20 |    13 |     2 |       ||    37
       Mephitic Cloud    |     1 |    14 |    25 |    34 |     1 ||    75
       Conjure Flame     |       |     4 |    28 |    15 |       ||    47
       Blink             |       |     1 |     2 |     9 |    10 ||    22
       Ensorcelled Hiber |       |       |     5 |     1 |       ||     6
       Dazzling Spray    |       |       |       |   263 |   158 ||   421
       Slow              |       |       |       |     9 |     9 ||    18
       Irradiate         |       |       |       |    42 |    41 ||    83
       Regeneration      |       |       |       |     7 |    13 ||    20
       Iskenderun's Batt |       |       |       |       |    73 ||    73
       Swiftness         |       |       |       |       |     7 ||     7
       Iron Shot         |       |       |       |       |    93 ||    93
       Freezing Cloud    |       |       |       |       |    14 ||    14
       Invisibility      |       |       |       |       |     3 ||     3
Invok: Divine Energy     |       |       |       |     5 |     2 ||     7
       Stop Divine Energ |       |       |       |     3 |     2 ||     5
       Forget Spell      |       |       |       |       |     3 ||     3
       Channel Magic     |       |       |       |       |     1 ||     1
Evoke: Wand              |       |       |       |     4 |     1 ||     5
  Use: Scroll            |       |       |    11 |    15 |    11 ||    37
       Potion            |       |       |       |     1 |     1 ||     2
 Stab: Sleeping          |     1 |     2 |     2 |     1 |       ||     6
       Confused          |       |     2 |    11 |     6 |       ||    19
       Distracted        |       |     1 |     1 |       |       ||     2
       Invisible         |       |       |       |    10 |     2 ||    12
  Eat: Chunk             |     3 |     6 |    16 |    39 |    36 ||   100
       Ration            |       |     1 |     2 |     3 |    12 ||    18
Armor: Robe              |     4 |     2 |    15 |    20 |    20 ||    61
Dodge: Dodged            |    25 |    45 |    82 |   237 |   228 ||   617
       Deflected         |       |       |     3 |     5 |     4 ||    12
Block: Other             |       |       |       |     6 |    19 ||    25
       Rpst.: Hand axe   |       |       |       |    60 |    42 ||   102
       Staff             |       |       |       |       |     5 ||     5
